 Dungeon Crawl Stone Soup version 0.30.1-11-g7821555f0a (webtiles) character file.

Game seed: 10453859947587838157

48549 Peloso the Fencer (level 14, -4/130 HPs)
             Began as a Minotaur Fighter on Nov 5, 2023.
             Was a High Priest of Okawaru.
             Slain by an orc warrior
             ... wielding a +2 trident of freezing
              (10 damage)
             ... while paralysed by an orc sorcerer
             ... on level 2 of the Orcish Mines.
             The game lasted 00:35:09 (17390 turns).

Peloso the Fencer (Minotaur Fighter)               Turns: 17390, Time: 00:35:12

Health: -4/130     AC: 22    Str: 22    XL:     14   Next: 12%
Magic:  14/14      EV:  2    Int:  5    God:    Okawaru [*****.]
Gold:   1358       SH:  0    Dex: 14    Spells: 13/13 levels left

rFire   + . .        a - +7 double sword of Pestilence {freeze, Will+}
rCold   + . .        d - +0 buckler
rNeg    + . .        U - +2 chain mail "Ixaoddearch" {rN+ Slay+5}
rPois   .            v - +1 hat
rElec   .            S - scarf {rC+ rF+}
rCorr   .            (no gloves)
SInv    .            W - +1 pair of boots
Will    ++...        x - amulet of the acrobat Stlth
                     e - +4 ring of protection
HPRegen 0.41/turn    q - +5 ring of evasion
MPRegen 0.14/turn

%: acrobat
@: paralysed
A: horns 2, retaliatory headbutt
a: Renounce Religion, Heroism, Finesse, Duel


You were on level 2 of the Orcish Mines.
You worshipped Okawaru.
Okawaru was extremely pleased with you.
You visited 3 branches of the dungeon, and saw 17 of its levels.

You collected 1358 gold pieces.

Inventory:

Hand Weapons
 a - the +7 double sword of Pestilence (weapon) {freeze, Will+}
   (Okawaru gifted it to you on level 3 of the Lair of Beasts)

   Will:      It increases your willpower.
 b - a +3 scimitar of flaming
 c - a +4 long sword
Armour
 d - a +0 buckler (worn)
 v - a +1 hat (worn)
 S - a scarf of resistance (worn)
 U - the +2 chain mail "Ixaoddearch" (worn) {rN+ Slay+5}
   (You found it on level 1 of the Lair of Beasts)

   Slay:      It affects your accuracy & damage with ranged weapons and melee
   (+5).
   rN:        It protects you from negative energy.
 V - the +1 plate armour of Hodiklaw {Str+2 Dex+2}
   (Okawaru gifted it to you on level 1 of the Lair of Beasts)

   Str:       It affects your strength (+2).
   Dex:       It affects your dexterity (+2).
 W - a +1 pair of boots (worn)
Jewellery
 e - a +4 ring of protection (left hand)
 g - a +5 ring of evasion
 i - a ring of protection from cold
 q - a +5 ring of evasion (right hand)
 s - a +6 ring of strength
 u - an amulet of magic regeneration
 x - an amulet of the acrobat (around neck)
 A - a ring of ice
 B - a +5 ring of evasion
 K - a ring of willpower
Wands
 p - a wand of flame (34)
 M - a wand of quicksilver (6)
 N - a wand of mindburst (9)
 T - a wand of digging (5)
Scrolls
 m - 2 scrolls of amnesia
 n - 4 scrolls of blinking
 o - 2 scrolls of enchant armour
 w - 2 scrolls of enchant weapon
 F - a scroll of silence
 G - a scroll of fog
 H - 5 scrolls of teleportation
 I - 3 scrolls of immolation
 L - 2 scrolls of magic mapping
 P - a scroll of brand weapon
 Q - 3 scrolls of fear
 R - a scroll of summoning
 X - a scroll of noise {unknown}
Potions
 f - 9 potions of curing
 h - 6 potions of might
 j - 2 potions of mutation
 k - 2 potions of lignification
 l - 5 potions of flight
 r - 5 potions of heal wounds
 t - a potion of brilliance
 z - 2 potions of magic
 C - a potion of haste
 D - 3 potions of cancellation
 E - 2 potions of invisibility
 O - a potion of ambrosia


   Skills:
 + Level 13.9 Fighting
 + Level 17.2 Long Blades
 + Level 14.2 Armour
 + Level 6.2 Dodging
 + Level 2.3 Stealth
 + Level 12.9 Shields
 + Level 2.1 Invocations
 + Level 0.3 Evocations


You had 13 spell levels left.
You didn't know any spells.
Your spell library contained the following spells:

 Spells                   Type           Power      Damage    Failure   Level
 Apportation              Tloc           0%         N/A       94%         1
 Beastly Appendage        Tmut           0%         N/A       94%         1
 Necrotise                Necr           0%         1d4       94%         1
 Cigotuvi's Dreadful Rot  Necr/Pois/Air  0%         N/A       98%         2
 Wereblood                Tmut           0%         N/A       98%         2
 Frozen Ramparts          Ice            0%         1d1       100%        3
 Portal Projectile        Hex/Tloc       0%         N/A       100%        3
 Spider Form              Tmut/Pois      0%         N/A       100%        3
 Dispel Undead            Necr           0%         3d6       100%        4
 Ice Form                 Ice/Tmut       0%         N/A       100%        4
 Leda's Liquefaction      Hex/Erth       0%         N/A       100%        4
 Passage of Golubria      Tloc           0%         N/A       100%        4
 Silence                  Hex/Air        0%         N/A       100%        5
 Lehudib's Crystal Spear  Conj/Erth      0%         10d2      100%        8
 Summon Small Mammal      Summ           Unusable   N/A       N/A         1
 Call Canine Familiar     Summ           Unusable   N/A       N/A         3
 Summon Ice Beast         Ice/Summ       Unusable   N/A       N/A         4
 Death Channel            Necr           Unusable   N/A       N/A         6

Dungeon Overview and Level Annotations

Branches:
Dungeon (12/15)            Temple (0/1) D:7            Lair (3/5) D:10
 Shoals (0/4) Lair:3       Spider (0/4) Lair:3          Orc (2/2) D:10
    Elf (0/3) Orc:2

Altars:
Ashenzari
Gozag
Hepliaklqana
Okawaru
Qazlal
Vehumet
Wu Jian

Shops:
D:4 *   D:6 =   Orc:2 [(=

Annotations:
D:6 2 transporters, Slaatcain's ghost, novice DECj
D:10 1 runed translucent door, Dado's ghost, journeyman DjWn


Innate Abilities, Weirdness & Mutations

You have a pair of horns on your head.
You reflexively headbutt those who attack you in melee.


Message History

You block the orc warrior's attack.
The orc warrior throws a boomerang.
You block the boomerang.
An orc knight comes into view. It is wielding a +0 great sword.
Unknown command.
You barely miss the orc knight. You headbutt the orc knight.
The orc knight is lightly wounded.
You closely miss the orc knight. Your headbutt misses the orc knight.
The orc knight is lightly wounded.
You block the orc knight's attack. The orc warrior misses you.
You block the orc warrior's attack. The orc sorcerer barely misses you.
Unknown command.
You slice the orc knight!! You freeze the orc knight.
The orc knight is heavily wounded.
You hear a shout!
The orc knight hits you with a +0 battleaxe!
The orc warrior hits you from afar with a +2 trident of freezing!
The orc warrior freezes you. You block the orc warrior's attack.
The orc priest looks braver for a moment.
The orc priest calls down the wrath of Beogh upon you.
Beogh smites you!
You barely miss the orc knight.
The orc knight is heavily wounded.
The orc warrior no longer looks unusually strong.
The orc knight roars a battlecry!
The orc warrior goes into a battle-frenzy!
The orc priest calls down the wrath of Beogh upon you.
Beogh smites you! The orc warrior closely misses you.
The orc warrior hits you but does no damage.
The orc sorcerer gestures at you while chanting.
You suddenly lose the ability to move!
The orc knight hits you with a +0 battleaxe!
The orc warrior hits you but does no damage.
The orc sorcerer completely misses you.
An orc wizard comes into view. It is wielding a +0 dagger.
The orc wizard shouts!
The orc priest no longer looks unusually strong.
The orc knight hits you with a +0 battleaxe!!
* * * LOW HITPOINT WARNING * * *
The orc warrior hits you from afar with a +2 trident of freezing!
You die... ## .∩# # ..## .##..# ...o# #oo# ... ##oo## ... #oooo#

#.#.oooo.#@#
#.#.....##.#
#.#...###..#
#.######..##
...####.####...##
#...........###
######.######
#######.########
.....#.........#


You could see 2 orc knights, an orc sorcerer (strong), 3 orc warriors, 2 orc
priests and an orc wizard (strong).

Vanquished Creatures
  Saint Roka (Orc:2)
  Jorgrun (D:11)
  Kirke (D:12)
  An orc warlord (Orc:2)
  Azrael (D:12)
  Josephine (D:10)
  Erolcha (D:12)
  3 two-headed ogres
  Erica (D:8)
  2 boulder beetles (D:12)
  2 orc high priests (Orc:2)
  Amaemon (Lair:3)
  A skyshark (Lair:2)
  5 orc sorcerers
  A wolf spider (Lair:3)
  An ugly thing (D:11)
  A deep elf pyromancer (D:12)
  3 orc knights (Orc:2)
  An oklob plant (Lair:3)
  5 cyclopes
  Maurice (D:8)
  A black mamba (Lair:2)
  7 cane toads
  Maggie (D:8)
  2 rime drakes
  Psyche (D:9)
  An orange demon (Lair:3)
  6 komodo dragons
  4 trolls
  13 blink frogs
  4 slime creatures (D:11)
  Sigmund (D:4)
  2 culicivoras (Lair:3)
  3 wyverns
  4 wraiths
  3 fire elementals (D:12)
  41 yaks
  A hog (D:12)
  A basilisk (Lair:1)
  4 humans (D:12)
  3 vampire mosquitoes (D:12)
  2 steam dragons (D:8)
  A redback (Lair:3)
  3 wargs
  Menkaure (D:5)
  2 acid dragons
  2 hell hounds (D:12)
  7 water moccasins
  15 orc warriors
  8 ice beasts
  5 black bears
  8 ogres
  20 centaurs
  2 phantoms
  10 wolves
  3 kobold brigands
  2 scorpions
  15 bullfrogs
  2 gnoll sergeants
  6 wights
  7 killer bees
  2 howler monkeys
  A bullfrog zombie (D:6)
  5 jellies
  9 orc priests
  A gnoll bouda (D:6)
  4 hounds
  Ijyb (D:3)
  A sleepcap (D:5)
  4 iguanas
  Natasha (thrice) (D:3)
  10 orc wizards
  16 gnolls
  12 adders
  4 worms
  54 orcs
  11 ball pythons
  9 bats
  9 endoplasms
  2 giant cockroaches (D:4)
  9 goblins
  6 hobgoblins
  4 jackals (D:1)
  5 quokkas
  A frilled lizard (D:3)
  22 kobolds
  11 rats
475 creatures vanquished.

Vanquished Creatures (others)
  An orc (D:12)
1 creature vanquished.

Grand Total: 476 creatures vanquished

Notes
Turn   | Place    | Note
-------+----------+-------------------------------------------
     0 | D:1      | Peloso the Minotaur Fighter began the quest for the Orb.
     0 | D:1      | Reached XP level 1. HP: 19/19 MP: 0/0
   260 | D:1      | Reached XP level 2. HP: 27/27 MP: 1/1
   578 | D:1      | Reached XP level 3. HP: 29/33 MP: 2/2
   981 | D:2      | Reached skill level 3 in Long Blades
  1302 | D:2      | Reached XP level 4. HP: 39/41 MP: 3/3
  1769 | D:3      | Found an iron altar of Okawaru.
  1784 | D:3      | Became a worshipper of Warmaster Okawaru
  1820 | D:3      | Noticed Ijyb
  1834 | D:3      | Noticed Natasha
  1837 | D:3      | Killed Ijyb
  1853 | D:3      | Killed Natasha
  1854 | D:3      | Reached skill level 4 in Long Blades
  1854 | D:3      | Reached XP level 5. HP: 42/47 MP: 4/4
  2080 | D:3      | Found a broken altar of Ashenzari.
  2383 | D:3      | Noticed Natasha
  2388 | D:3      | Killed Natasha
  2412 | D:3      | Reached skill level 1 in Dodging
  2688 | D:4      | Noticed a black bear
  2698 | D:4      | Killed a black bear
  2699 | D:4      | Reached skill level 5 in Long Blades
  2699 | D:4      | Reached skill level 5 in Shields
  2699 | D:4      | Reached XP level 6. HP: 41/53 MP: 5/5
  2747 | D:4      | Found Vehatrar's Gadget Gallery.
  2857 | D:4      | Reached * piety under Okawaru
  3030 | D:4      | Reached skill level 5 in Armour
  3106 | D:4      | Reached skill level 1 in Stealth
  3106 | D:4      | Reached XP level 7. HP: 39/45 MP: 6/6
  3195 | D:4      | Reached skill level 5 in Fighting
  3227 | D:4      | Reached skill level 6 in Long Blades
  3276 | D:4      | Noticed Sigmund
  3289 | D:4      | Killed Sigmund
  3289 | D:4      | Reached ** piety under Okawaru
  3587 | D:4      | Reached skill level 7 in Long Blades
  3748 | D:5      | Entered Level 5 of the Dungeon
  3805 | D:5      | Found an opulent altar of Gozag.
  3871 | D:5      | Reached XP level 8. HP: 65/70 MP: 7/7
  4012 | D:5      | Noticed Menkaure
  4012 | D:5      | You fall into a shaft and drop 1 floor!
  4012 | D:6      | Found a radiant altar of Vehumet.
  4242 | D:6      | Reached *** piety under Okawaru
  4291 | D:6      | Reached skill level 8 in Long Blades
  4637 | D:6      | Found Likkigit's Jewellery Shoppe.
  4641 | D:6      | Found a transporter.
  4641 | D:6      | Found a transporter.
  4646 | D:6      | Noticed Slaatcain's ghost (novice DECj)
  4646 | D:6      | Noticed a queen bee
  4889 | D:6      | Reached XP level 9. HP: 78/78 MP: 8/8
  4922 | D:6      | Noticed a cyclops
  4930 | D:6      | Killed a cyclops
  4945 | D:6      | Reached skill level 9 in Long Blades
  5419 | D:5      | Killed Menkaure
  5831 | D:7      | Found a stormy altar of Qazlal.
  5897 | D:7      | Found a staircase to the Ecumenical Temple.
  5907 | D:7      | Reached skill level 10 in Long Blades
  5997 | D:7      | Reached **** piety under Okawaru
  6107 | D:7      | Found an ornate altar of the Wu Jian Council.
  6301 | D:7      | Found a hazy altar of Hepliaklqana.
  6353 | D:8      | Reached skill level 11 in Long Blades
  6361 | D:8      | Noticed Maurice
  6558 | D:8      | Killed Maurice
  6558 | D:8      | Received a gift from Okawaru
  6559 | D:8      | Reached XP level 10. HP: 70/88 MP: 7/9
  6867 | D:8      | Reached skill level 1 in Invocations
  6879 | D:8      | Noticed Maggie
  6895 | D:8      | Killed Maggie
  7084 | D:8      | Reached skill level 12 in Long Blades
  7211 | D:8      | Noticed Erica
  7222 | D:8      | Killed Erica
  7222 | D:8      | Reached ***** piety under Okawaru
  7223 | D:8      | Reached skill level 10 in Armour
  7667 | D:9      | Noticed Psyche
  7674 | D:9      | Killed Psyche
  8051 | D:10     | Entered Level 10 of the Dungeon
  8212 | D:10     | Reached XP level 11. HP: 42/95 MP: 11/11
  8216 | D:10     | Identified the +2 robe "Cutynn" {Regen+} (Okawaru gifted it
                  | to you on level 10 of the Dungeon)
  8216 | D:10     | Received a gift from Okawaru
  8217 | D:10     | Reached skill level 13 in Long Blades
  8469 | D:10     | Found a staircase to the Lair.
  8806 | D:10     | Noticed a two-headed ogre
  8817 | D:10     | Killed a two-headed ogre
  8880 | D:10     | Found a staircase to the Orcish Mines.
  8984 | D:10     | Found a runed translucent door.
  8985 | D:10     | Identified the +1 trident "Beppotwedd" {heavy, rF+ rN++
                  | Int+3}
  8985 | D:10     | Noticed Dado's ghost (journeyman DjWn)
  9287 | D:11     | Noticed a two-headed ogre
  9297 | D:11     | Killed a two-headed ogre
  9411 | D:11     | Noticed a brown ugly thing
  9418 | D:11     | Killed a brown ugly thing
  9825 | D:3      | Noticed Natasha
  9828 | D:3      | Killed Natasha
 10064 | Lair:1   | Entered Level 1 of the Lair of Beasts
 10152 | Lair:1   | Reached skill level 14 in Long Blades
 10478 | Lair:1   | Reached XP level 12. HP: 100/106 MP: 12/12
 10516 | Lair:1   | Reached skill level 10 in Fighting
 10533 | Lair:1   | Reached ****** piety under Okawaru
 10582 | Lair:1   | Identified the +2 chain mail "Ixaoddearch" {rN+ Slay+5}
 10639 | Lair:1   | Identified the +1 plate armour of Hodiklaw {Str+2 Dex+2}
                  | (Okawaru gifted it to you on level 1 of the Lair of Beasts)
 10639 | Lair:1   | Received a gift from Okawaru
 10778 | Lair:1   | Reached skill level 15 in Long Blades
 10938 | Lair:1   | Reached skill level 10 in Shields
 12189 | Lair:3   | Reached skill level 5 in Dodging
 12345 | Lair:3   | Found a staircase to the Shoals.
 13200 | Lair:3   | Identified the +7 double sword of Pestilence {freeze,
                  | Will+} (Okawaru gifted it to you on level 3 of the Lair of
                  | Beasts)
 13200 | Lair:3   | Received a gift from Okawaru
 13400 | Lair:3   | Noticed Amaemon
 13417 | Lair:3   | Killed Amaemon
 13696 | Lair:3   | Found a hole to the Spider Nest.
 13711 | Lair:3   | Reached XP level 13. HP: 13/117 MP: 13/13
 14222 | D:12     | Noticed Jorgrun
 14240 | D:11     | Killed Jorgrun
 14241 | D:11     | Reached skill level 16 in Long Blades
 14522 | D:12     | Identified the +1 battleaxe of Dullness {flame, Str+5}
 14574 | D:12     | Received a gift from Okawaru
 14759 | D:12     | Noticed Kirke
 14775 | D:12     | Killed Kirke
 15191 | D:12     | Noticed Erolcha
 15197 | D:12     | Killed Erolcha
 15213 | D:12     | Noticed Azrael
 15231 | D:12     | Killed Azrael
 15654 | Orc:1    | Entered Level 1 of the Orcish Mines
 15654 | Orc:1    | Noticed Josephine
 15668 | D:10     | Killed Josephine
 15762 | Orc:2    | Entered Level 2 of the Orcish Mines
 15762 | Orc:2    | Noticed Saint Roka
 15766 | Orc:1    | Identified the +4 ring mail "Juacep" {Harm Str-2 Int-3
                  | Slay+5} (Okawaru gifted it to you on level 1 of the Orcish
                  | Mines)
 15766 | Orc:1    | Received a gift from Okawaru
 16268 | Orc:2    | Killed Saint Roka
 16752 | Orc:2    | Found Holashen's Antique Armour Boutique.
 16860 | Orc:2    | Reached skill level 17 in Long Blades
 16901 | Orc:2    | Found a staircase to the Elven Halls.
 16912 | Orc:2    | Noticed an orc warlord
 16948 | Orc:2    | Killed an orc warlord
 17211 | Orc:2    | Found Rasi's Antique Weapon Shop.
 17336 | Orc:2    | Found Oggoclel's Jewellery Shoppe.
 17338 | Orc:2    | Reached XP level 14. HP: 129/129 MP: 14/14
 17388 | Orc:2    | Paralysed by an orc sorcerer for 3 turns
 17390 | Orc:2    | HP: 6/130 [orc knight/+0 battleaxe (34)]
 17390 | Orc:2    | Slain by an orc warrior

Illustrated notes

Levels and vault maps discovered:
D:1:      spicycebolla_arrival_ecumenical, layout_loops_ring
D:2:      layout_loops_cross
D:3:      layout_basic, okawaru_gym_becter, general_overflow_altar,
          serial_curves, eino_curves_04, eino_curves_03, eino_curves_02,
          eino_curves_01, kennysheep_minor_cross, kennysheep_generic_room_11,
          uniq_ijyb, uniq_natasha
D:4:      nicolae_cairo_tiling, layout_loops_ring, corexii_checkpoint_a,
          dk_vineyard_3, hangedman_decor_diamond_cutter, nicolae_shop_gadgets,
          uniq_sigmund
D:5:      minmay_inner_zag, layout_basic, grunt_gozag_statues, uniq_menkaure
D:6:      minmay_cornered_nines, layout_cave_pools, mainiacjoe_overflow_catwalk,
          serial_shops, nicolae_shop_pleasant_corner_grove, serial_undead,
          serial_undead_e, serial_undead_c, serial_undead_b, serial_undead_b,
          gammafunk_ghost_hive
D:7:      layout_rooms, overflow_temple_1_default,
          nicolae_qazlal_scattered_showers, nzn_hepliaklqana_mist_gate,
          minmay_temple_entry_mist, st_stairs_12
D:8:      kennysheep_steamy, layout_basic, chequers_serial_rivers_room_a,
          uniq_erica, uniq_maggie, uniq_maurice
D:9:      layout_basic, mainiacjoe_overflow_big_doors, uniq_psyche
D:10:     layout_stronghold, hellmonk_lair_entry_icy, orc_0_dummy,
          ebering_ghost_funeral_grove
D:11:     layout_small_grid
D:12:     layout_long_grid, uniq_kirke, uniq_azrael, uniq_erolcha, uniq_jorgrun
Lair:1:   layout_roguey, ldierk_geyser, grunt_megastairs_2, serial_bayou_shore_b
Lair:2:   layout_hall_layers
Lair:3:   layout_cave_shapes, minmay_shoals_entry_centaurs,
          spider_nest_entry_funnel_web, chequers_serial_rivers_small_3,
          minmay_lair_oklob_bushes, st_stairs_13, uniq_amaemon
Orc:1:    layout_diamond_mine, uniq_nergalle, uniq_josephine
Orc:2:    st_orc_elflike, layout_diamond_mine, serial_shops,
          nicolae_shop_pleasant_corner_grove, shop, uniq_saint_roka

Skill      XL: |  1  2  3  4  5  6  7  8  9 10 11 12 13 |
---------------+----------------------------------------+-----
Shields        | 4 5 6 7 8 9 11 12 | 12.9
Fighting       | 4 5 6 7 8 9 11 13 | 13.9
Long Blades    | 3 4 5 7 8 11 12 14 15 17 | 17.2
Armour         | 4 5 6 8 9 10 12 13 14 | 14.2
Dodging        | 1 2 3 4 5 6 |  6.2
Stealth        | 1 2 |  2.3
Invocations    | 1 2 |  2.1
Evocations     | |  0.3

Action                     |  1- 3 |  4- 6 |  7- 9 | 10-12 | 13-15 || total
---------------------------+-------+-------+-------+-------+-------++-------
  Melee: Long sword        |   111 |   141 |   368 |    78 |       ||   698
         Headbutt          |    10 |    18 |    72 |   143 |    68 ||   311
         Scimitar          |       |       |       |   433 |       ||   433
         Double sword      |       |       |       |    27 |   305 ||   332
 Invoke: Heroism           |       |       |     6 |     5 |     5 ||    16
  Evoke: Wand              |       |     1 |     2 |       |       ||     3
    Use: Scroll            |     4 |     3 |     4 |    12 |     1 ||    24
         Potion            |     1 |       |     4 |       |     1 ||     6
 Armour: Scale mail        |    48 |    82 |    37 |       |       ||   167
         Plate armour      |       |       |   104 |   139 |       ||   243
         Chain mail        |       |       |       |    71 |   124 ||   195
  Dodge: Dodged            |    57 |   102 |   223 |   384 |   272 ||  1038
  Block: Buckler           |    27 |    40 |    99 |   168 |   118 ||   452
